 Dungeon Crawl Stone Soup version 0.18.1-1-g2f07953 (webtiles) character file.

423463 Ijustatesigmund the Brawler (level 22, -12/227 HPs)
             Began as a Troll Hunter on May 6, 2016.
             Was the Champion of Cheibriados.
             Killed from afar by a shadow dragon (32 damage)
             ... with a bolt of negative energy
             ... on level 5 of the Vaults.
             The game lasted 03:11:52 (40647 turns).

Ijustatesigmund the Brawler (Troll Hunter)         Turns: 40647, Time: 03:11:54

Health: -12/227    AC: 38    Str: 39    XL:     22   Next: 70%
Magic:  27/29      EV: 18    Int: 22    God:    Cheibriados [******]
Gold:   1485       SH: 19    Dex: 28    Spells: 4 memorised, 14 levels left

rFire  + + +     SeeInvis .       - Unarmed
rCold  . . .     Gourm    +     F - +16 shadow dragon armour of Afaymn {rElec Str+3 Dex-4 Stlth++++}
rNeg   . . .     Faith    .     E - +4 shield {reflect}
rPois  .         Spirit   .     C - +2 hat
rElec  +         Dismiss  .     u - +2 cloak
rCorr  .         Reflect  +     (gloves unavailable)
SustAt .         Harm     .     (boots unavailable)
MR     ++...                    o - amulet of regeneration
Stlth  +++++.....               M - ring of Qised {rElec rF++ MR+ Str-5 Stlth+}
                                h - +2 ring of evasion

@: lethally poisoned (-12 -> -12), heavily drained, very slow, very resistant to
hostile enchantments, quite stealthy
A: unfitting armour, claws 3, fire resistance 1, fast metabolism 3, gourmand,
regeneration 2, shaggy fur 1, tough skin 2
a: Bend Time, Temporal Distortion, Slouch, Step From Time, Renounce Religion
}: 2/15 runes: decaying, serpentine


You were on level 5 of the Vaults.
You worshipped Cheibriados.
Cheibriados was exalted by your worship.
You were very full.

You visited 6 branches of the dungeon, and saw 38 of its levels.
You visited the Abyss 1 time.
You also visited: Sewer.

You collected 3897 gold pieces.
You spent 2412 gold pieces at shops.

Inventory:

Missiles
 m - 32 large rocks (quivered)
Armour
 u - a +2 cloak (worn)
 C - a +2 hat (worn)
 E - a +4 shield of reflection (worn)
 F - the +16 shadow dragon armour of Afaymn (worn) {rElec Str+3 Dex-4 Stlth++++}
   (You bought it in a shop on level 13 of the Dungeon)

   It affects your strength (+3).
   It affects your dexterity (-4).
   It insulates you from electricity.
   It makes you much more stealthy.
Jewellery
 b - an uncursed ring of poison resistance
 g - an uncursed ring of see invisible
 h - a +2 ring of evasion (left claw)
 i - an uncursed ring of flight
 o - an amulet of regeneration (around neck)
 t - an uncursed ring of protection from cold
 M - the ring of Qised (right claw) {rElec rF++ MR+ Str-5 Stlth+}
   (You found it on level 13 of the Dungeon)

   [ring of protection from magic]

   It affects your strength (-5).
   It greatly protects you from fire.
   It insulates you from electricity.
   It affects your resistance to hostile enchantments.
   It makes you more stealthy.
 W - an uncursed ring of positive energy
Wands
 l - a wand of disintegration (6/24)
 x - a wand of digging (15/24)
 y - a wand of enslavement (5/24)
 A - a wand of teleportation (5/9)
 I - a wand of lightning (4/15)
 X - a wand of acid (4/15)
 Z - a wand of iceblast (1/15)
Scrolls
 d - 7 scrolls of identify
 p - 3 scrolls of amnesia
 r - a scroll of recharging
 z - 4 scrolls of enchant weapon
 B - 20 scrolls of remove curse
 L - 6 scrolls of immolation
 Q - a scroll of magic mapping
Potions
 a - 5 potions of ambrosia
 e - 8 potions of flight
 n - 4 potions of cure mutation
 q - 6 potions of curing
 v - 4 potions of brilliance
 w - a potion of magic
 H - 2 potions of mutation
 J - a potion of agility
 R - a potion of cancellation
 S - a potion of might
Comestibles
 c - 18 fruits
 f - 17 bread rations
 k - 17 meat rations


   Skills:
 - Level 15.0(13.3) Fighting
 - Level 11.2(9.7) Throwing
 - Level 11.0(9.5) Armour
 - Level 10.5(9.1) Dodging
 - Level 6.2(4.9) Stealth
 - Level 11.5(10.0) Shields
 - Level 19.0(17.3) Unarmed Combat
 + Level 8.2(6.8) Summonings
 + Level 9.8(8.3) Translocations
 - Level 11.3(9.8) Invocations
 - Level 3.3(2.1) Evocations


You had 14 spell levels left.
You knew the following spells:

 Your Spells              Type           Power        Failure   Level  Hunger
a - Apportation           Tloc           #####.....   1%          1    ##.....
b - Blink                 Tloc           N/A          2%          2    ###....
c - Portal Projectile     Tloc           #####.       6%          3    ####...
d - Summon Butterflies    Summ           ####....     3%          1    ##.....


Dungeon Overview and Level Annotations

Branches:
Dungeon (15/15)            Temple (0/1) D:5            Lair (8/8) D:11
  Swamp (4/4) Lair:6        Snake (4/4) Lair:4        Slime (0/6) Lair:7
    Orc (2/2) D:12            Elf (0/3) Orc:2        Vaults (5/5) D:14
  Crypt (0/3) Vaults:3     Depths (0/5) D:15

Altars:
Cheibriados
Dithmenos
Elyvilon
Fedhas
Gozag
Kikubaaqudgha
Makhleb
Nemelex Xobeh
Okawaru
Qazlal
Ru
Sif Muna
Vehumet
The Shining One
Beogh
Jiyva

Shops:
D:7 (   D:8 [[}[   D:9 **!   D:13 [*   Orc:2 *([=   Snake:1 (   Snake:2 !
Snake:3 [   Vaults:1 %   Vaults:3 (

Portals:
Trove: Vaults:3 (give 9 potions of agility)

Annotations:
D:15 exclusions: Roxanne and oklob plant, Roxanne
Vaults:5 Saint Roka


Innate Abilities, Weirdness & Mutations

You are too large for most types of armour.
You have claws for hands.
Your metabolism is lightning-fast.
You like to eat raw meat.
You heal very quickly.
You are covered in fur (AC +1).
You have very tough skin (AC +2).
Your flesh is heat resistant.


Message History

You are too injured to fight recklessly!
You are too injured to fight recklessly!
You scratch the titan.
The titan is almost dead.
The titan waves its arms in wide circles.
The air twists around and strikes you!
* * * LOW HITPOINT WARNING * * *
Casting: Portal Projectile
Confirm with . or Enter, or press ? or * to list all spells.
You blink.
Throwing (i - inventory):
m - 33 large rocks (quivered)
Press: ? - help, Shift-Dir - straight line, f - titan
Aim: a titan (almost dead)
You throw a large rock. The large rock hits the titan!
You kill the titan!
Cheibriados appreciates the change of pace.
You feel sick.
The shadow dragon breathes negative energy at you.
The bolt of negative energy hits you!
You feel drained.
You die...

#####..y...#
###########...(..#
.........##.(....#
.......†()()###..#
........(().###..#
.........D)..##..#
######(....(##..#
#...))(##..#
###)..@# #....#
#((.(# #()..#
#.(..# #()..#
#....# ###....#
#...)..# ..#


You could see a shadow dragon.

Vanquished Creatures
  Mennas (Vaults:2)
  Norris (Snake:3)
  Vashnia (Snake:2)
  A golden dragon (Vaults:5)
  Jory (Vaults:5)
  Jorgrun (Snake:2)
  A tentacled monstrosity (Vaults:4)
  Rupert (Lair:4)
  Asterion (Snake:1)
  A quicksilver dragon (Vaults:5)
  A titan (Vaults:5)
  Gastronok (D:8)
  3 sphinxes
  6 thorn hunters
  5 tengu reavers
  2 large abominations
  The ghost of MagicLamp the Severer, a journeyman DDFi of Pakellas (D:14)
  Wiglaf (Vaults:3)
  3 storm dragons
  3 shadow dragons
  9 greater nagas
  An iron dragon (Vaults:5)
  A frost giant (Vaults:5)
  4 fire giants
  Donald (D:14)
  Aizul (Snake:1)
  An orc warlord (Orc:2)
  12 vault wardens
  3 deep elf sorcerers
  A ghoul (Vaults:3)
  9 ironheart preservers
  A war gargoyle (Vaults:5)
  9 stone giants
  2 small abominations
  A very ugly thing (Swamp:1)
  A deep elf demonologist (Vaults:5)
  A deep elf annihilator (Vaults:3)
  Azrael (D:14)
  A salamander stormcaller (Vaults:2)
  The ghost of Chiseanne the Eclecticist, a journeyman DsWz of Vehumet (D:14)
  A dire elephant (Lair:3)
  A spark wasp (shapeshifter) (Vaults:4)
  Snorg (D:13)
  2 ettins
  An eidolon (Vaults:3)
  An ettin (shapeshifter) (D:13)
  A deep elf death mage (Vaults:3)
  2 fire dragons
  32 vault guards
  A deep elf high priest (Vaults:5)
  8 yaktaur captains
  Fannar (D:11)
  4 great orbs of eyes
  2 rakshasas
  Harold (Lair:1)
  33 hydras
  24 naga warriors
  3 ice dragons
  6 centaur warriors
  11 anacondas
  12 ogre magi
  A ghost crab (Swamp:3)
  A dancing weapon (Vaults:5)
  8 alligators
  A deep troll earth mage (Vaults:4)
  5 death knights
  24 death yaks
  15 naga sharpshooters
  11 spriggans
  7 shock serpents
  A shock serpent (shapeshifter) (Vaults:1)
  An orc high priest (Orc:2)
  10 deep elf knights
  A fire crab (Vaults:4)
  Nergalle (Lair:4)
  21 skeletal warriors
  An unseen horror (D:11)
  6 salamander mystics
  9 hill giants
  An unseen horror (shapeshifter) (D:15)
  10 naga ritualists
  8 deep trolls
  5 deep elf archers
  A giant orange brain (Vaults:3)
  12 swamp dragons
  Pikel (D:7)
  18 ironbrand convokers
  4 phantasmal warriors
  19 orc knights
  A lindwurm (Lair:3)
  8 hornets
  4 shambling mangroves
  A harpy (Vaults:5)
  5 wolf spiders
  An oklob plant (Lair:5)
  4 orc sorcerers
  9 mana vipers
  25 salamanders
  49 ugly things
  5 cyclopes
  20 deep elf magi
  9 griffons
  A cyclops (shapeshifter) (Vaults:2)
  11 elephants
  A griffon (shapeshifter) (Vaults:5)
  A salamander (shapeshifter) (Vaults:4)
  A moth of wrath (shapeshifter) (Vaults:5)
  44 black mambas
  A manticore (D:13)
  30 naga magi
  10 guardian serpents
  9 vault sentinels
  38 spiny frogs
  3 centaur skeletons
  10 komodo dragons
  11 rime drakes
  An efreet (D:14)
  11 freezing wraiths
  4 spriggan druids
  33 yaktaurs
  A queen bee (D:9)
  4 polar bears
  A queen bee (shapeshifter) (Vaults:2)
  10 trolls
  A wind drake (shapeshifter) (D:14)
  6 giant leeches
  52 slime creatures
  A slime creature (shapeshifter) (Vaults:5)
  Grinder (D:5)
  10 bog bodies
  6 boulder beetles
  18 two-headed ogres
  A blink frog (shapeshifter) (Vaults:3)
  A raiju (shapeshifter) (D:15)
  33 blink frogs
  9 wraiths
  A redback (Lair:8)
  A wyvern (shapeshifter) (D:15)
  A yak (shapeshifter) (D:15)
  62 yaks
  4 shadows
  Sigmund (D:5)
  17 humans
  8 wyverns
  A steam dragon (Lair:8)
  2 hungry ghosts (D:14)
  A hippogriff (shapeshifter) (Vaults:4)
  10 hippogriffs
  5 fire elementals (D:14)
  31 vampire mosquitoes
  2 basilisks
  A yaktaur simulacrum (Vaults:1)
  4 insubstantial wisps (Swamp:2)
  15 swamp worms
  76 nagas
  4 mottled dragons
  8 wargs
  A soldier ant (shapeshifter) (Vaults:4)
  3 hell hounds (D:14)
  21 water moccasins
  An ice beast (shapeshifter) (Vaults:4)
  14 porcupines
  17 swamp drakes
  3 black bears
  43 orc warriors
  2 sky beasts
  17 wasps
  7 ice beasts
  A slave (D:7)
  5 phantoms
  3 boggarts (D:15)
  33 wolves
  53 ogres
  7 centaurs
  A crocodile (shapeshifter) (Vaults:5)
  19 crocodiles
  5 big kobolds
  Blork the orc (D:5)
  21 giant frogs
  2 wyvern skeletons
  3 scorpions
  An elf simulacrum (Vaults:3)
  18 killer bees
  A water moccasin skeleton (D:9)
  10 wights
  4 howler monkeys
  6 electric eels
  5 crimson imps
  4 centaur zombies
  A human simulacrum (Vaults:1)
  2 jellies
  2 quasits
  A giant frog zombie (D:11)
  A giant frog skeleton (D:8)
  4 hounds
  24 orc priests
  41 orc wizards
  12 iguanas
  11 worker ants
  A killer bee zombie (D:9)
  6 sheep
  A hound zombie (D:10)
  A hound skeleton (D:9)
  A worker ant zombie (D:5)
  Robin (D:4)
  4 gnolls (D:3)
  17 adders
  64 river rats
  5 shadow imps
  3 oozes
  2 adder skeletons
  A worm (D:3)
  5 dart slugs
  4 giant geckos
  108 orcs
  7 ball pythons
  4 bats
  5 giant cockroaches
  16 goblins
  14 hobgoblins
  13 jackals
  25 kobolds
  6 quokkas
  A giant gecko skeleton (D:6)
  7 giant newts
  A jackal skeleton (D:8)
  7 rats
  3 briar patches
  3 crawling corpses (Vaults:5)
  2 plants
1988 creatures vanquished.

Vanquished Creatures (others)
  A tengu reaver (Vaults:5)
  A vault warden (Vaults:5)
  A fire giant (Vaults:5)
  2 deep elf knights
  7 naga sharpshooters
  3 deep elf archers
  An ugly thing (D:14)
  A cyclops (Vaults:1)
  4 yaktaurs
  2 humans (D:13)
  A vampire mosquito (Vaults:1)
  2 nagas (Snake:4)
  2 slaves
  An ogre (Vaults:4)
  A centaur (Lair:8)
  A wyvern zombie (D:14)
  An orc priest (D:8)
  2 orcs
  A jackal zombie (D:8)
  4 briar patches
  25 fungi
  13 plants
  7 toadstools (Lair:3)
84 creatures vanquished.

Grand Total: 2072 creatures vanquished

Notes
Turn   | Place    | Note
--------------------------------------------------------------
     0 | D:1      | Ijustatesigmund the Troll Hunter began the quest for the Orb.
     0 | D:1      | Reached XP level 1. HP: 19/19 MP: 0/0
    74 | D:1      | Reached skill level 1 in Unarmed Combat
   241 | D:1      | Reached XP level 2. HP: 27/27 MP: 1/1
   270 | D:1      | Reached skill level 2 in Unarmed Combat
   494 | D:1      | Reached XP level 3. HP: 33/33 MP: 2/2
   801 | D:2      | Reached skill level 3 in Unarmed Combat
  1544 | D:3      | Reached XP level 4. HP: 41/41 MP: 3/3
  1615 | D:3      | Found a deep blue altar of Sif Muna.
  1886 | D:3      | Reached skill level 4 in Unarmed Combat
  2447 | D:4      | Found a glowing golden altar of the Shining One.
  2548 | D:4      | Noticed an ogre
  2554 | D:4      | Killed an ogre
  2554 | D:4      | Reached skill level 5 in Unarmed Combat
  2554 | D:4      | Reached XP level 5. HP: 6/50 MP: 4/4
  2683 | D:4      | Noticed Robin
  2701 | D:4      | Killed Robin
  2703 | D:4      | Reached XP level 6. HP: 24/59 MP: 5/5
  3143 | D:5      | Entered Level 5 of the Dungeon
  3274 | D:5      | Noticed Grinder
  3275 | D:5      | Found a staircase to the Ecumenical Temple.
  3281 | D:5      | Killed Grinder
  3281 | D:5      | Reached skill level 6 in Unarmed Combat
  3306 | D:5      | Reached XP level 7. HP: 67/67 MP: 6/6
  3345 | D:5      | Found a glowing drain.
  3367 | Sewer    | Entered a sewer
  4102 | D:5      | Noticed Blork the orc
  4147 | D:5      | Reached skill level 7 in Unarmed Combat
  4232 | D:5      | Noticed Sigmund
  4238 | D:5      | Killed Sigmund
  4375 | D:5      | Killed Blork the orc
  4491 | D:6      | Reached XP level 8. HP: 61/78 MP: 7/7
  4664 | D:6      | Found a snail-covered altar of Cheibriados.
  4676 | D:6      | Became a worshipper of Cheibriados the Contemplative
  4678 | D:6      | Reached skill level 1 in Invocations
  5473 | D:7      | Noticed Pikel
  5485 | D:7      | Killed Pikel
  5485 | D:7      | Reached skill level 8 in Unarmed Combat
  5485 | D:7      | Reached XP level 9. HP: 37/85 MP: 10/10
  5488 | D:7      | You fall through a shaft!
  5504 | D:8      | Reached * piety under Cheibriados
  5616 | D:8      | Found Caodghuo's Armour Boutique.
  5635 | D:8      | Found Ymasoll's Antique Armour Shop.
  5637 | D:8      | Bought a shiny troll leather armour for 315 gold pieces
  5637 | D:8      | Bought a glowing robe for 14 gold pieces
  5691 | D:8      | Noticed Gastronok
  5818 | D:7      | Reached skill level 5 in Fighting
  5818 | D:7      | Reached skill level 9 in Unarmed Combat
  5862 | D:7      | Found Umnumom's Weapon Boutique.
  6121 | D:7      | Reached skill level 1 in Armour
  6241 | D:7      | Found a stormy altar of Qazlal.
  6389 | D:8      | Killed Gastronok
  6389 | D:8      | Reached skill level 10 in Unarmed Combat
  6389 | D:8      | Reached skill level 5 in Invocations
  6389 | D:8      | Reached XP level 10. HP: 76/98 MP: 12/12
  6541 | D:8      | Reached ** piety under Cheibriados
  6578 | D:8      | Found Ygiwkil's Antique Armour Shoppe.
  6717 | D:8      | Found Tetivod's Gadget Shop.
  6868 | D:9      | Found Yxoax's Assorted Antiques.
  6894 | D:9      | Bought an emerald potion for 30 gold pieces
  6894 | D:9      | Bought a scroll labeled TASOTS SANYJ for 34 gold pieces
  6909 | D:9      | Found Byquv's Assorted Antiques.
  6917 | D:9      | Bought a pink potion for 26 gold pieces
  6927 | D:9      | Found a white marble altar of Elyvilon.
  6928 | D:9      | Found Zostaopu's Distillery.
  7218 | D:9      | Noticed a brown ugly thing
  7228 | D:9      | Killed a brown ugly thing
  7228 | D:9      | Reached skill level 11 in Unarmed Combat
  7235 | D:9      | Reached *** piety under Cheibriados
  7330 | D:9      | Found a blossoming altar of Fedhas.
  7330 | D:9      | Found an ancient bone altar of Kikubaaqudgha.
  7572 | D:9      | Found a burning altar of Makhleb.
  7624 | D:9      | Reached **** piety under Cheibriados
  7734 | D:9      | Got a crude morningstar
  7754 | D:9      | Identified the +7 morningstar of Misery {flame, rN+} (You found it on level 9 of the Dungeon)
  7978 | D:10     | Entered Level 10 of the Dungeon
  8048 | D:10     | Reached XP level 11. HP: 102/109 MP: 13/13
  8053 | D:10     | Reached skill level 12 in Unarmed Combat
  8076 | D:10     | Noticed a hill giant
  8081 | D:10     | Killed a hill giant
  8468 | D:10     | Noticed a hill giant
  8474 | D:10     | Killed a hill giant
  8556 | D:10     | Reached ***** piety under Cheibriados
  8725 | D:11     | Found a staircase to the Lair.
  9170 | D:11     | Noticed a purple ugly thing
  9175 | D:11     | Killed a purple ugly thing
  9175 | D:11     | Reached skill level 13 in Unarmed Combat
  9242 | D:11     | Noticed Fannar
  9251 | D:11     | Killed Fannar
  9298 | D:11     | Killed an unseen horror
  9588 | D:12     | Noticed a deep elf mage
  9592 | D:12     | Killed a deep elf mage
  9801 | D:12     | Found an opulent altar of Gozag.
  9952 | D:12     | Noticed a hill giant
  9959 | D:12     | HP: 3/113 [hill giant/giant club (33)]
 10038 | D:12     | Killed a hill giant
 10043 | D:12     | Reached ****** piety under Cheibriados
 10311 | D:12     | Reached skill level 14 in Unarmed Combat
 10340 | D:12     | Reached XP level 12. HP: 87/122 MP: 14/14
 10440 | D:12     | Found a staircase to the Orcish Mines.
 10611 | D:13     | Noticed a death yak
 10611 | D:13     | Noticed a death yak
 10611 | D:13     | Noticed a death yak
 10612 | D:13     | Noticed a death yak
 10612 | D:13     | Noticed a death yak
 10720 | Lair:1   | Entered Level 1 of the Lair of Beasts
 10894 | Lair:1   | Noticed a five-headed hydra
 11109 | Lair:1   | Noticed Harold
 11114 | Lair:1   | Killed Harold
 11317 | Lair:1   | Killed an eight-headed hydra
 11941 | Lair:2   | Reached skill level 15 in Unarmed Combat
 12692 | Lair:3   | Identified a scroll of acquirement
 13144 | Lair:3   | Noticed a dire elephant
 13154 | Lair:3   | Killed a dire elephant
 13154 | Lair:3   | Reached XP level 13. HP: 129/133 MP: 17/17
 13353 | Lair:4   | Noticed Nergalle
 13365 | Lair:4   | Killed Nergalle
 13457 | Lair:4   | Found a staircase to the Snake Pit.
 13465 | Lair:4   | Reached skill level 10 in Fighting
 13530 | Lair:4   | Noticed Rupert
 13669 | Lair:5   | Reached skill level 1 in Shields
 13966 | Lair:5   | Reached skill level 5 in Shields
 14268 | Lair:5   | Found a sacrificial altar of Ru.
 14549 | Lair:6   | Reached skill level 5 in Throwing
 14681 | Lair:6   | Reached XP level 14. HP: 137/143 MP: 18/18
 14811 | Lair:6   | Learned a level 1 spell: Apportation
 14814 | Lair:6   | Learned a level 2 spell: Shroud of Golubria
 14818 | Lair:6   | Learned a level 2 spell: Blink
 14822 | Lair:6   | Learned a level 3 spell: Portal Projectile
 14857 | Lair:6   | Gained mutation: Your flesh is heat resistant. [potion of beneficial mutation]
 14954 | Lair:6   | Found a staircase to the Swamp.
 14978 | Lair:6   | Reached skill level 1 in Translocations
 15777 | Lair:7   | Found a staircase to the Slime Pits.
 15782 | Lair:7   | Found a viscous altar of Jiyva.
 15913 | Lair:8   | Entered Level 8 of the Lair of Beasts
 16482 | Lair:8   | Reached skill level 5 in Translocations
 16697 | Lair:8   | Reached skill level 16 in Unarmed Combat
 16789 | Lair:8   | Identified a +2 rod of shadows (11/11) (You found it on level 8 of the Lair of Beasts)
 17138 | Lair:8   | Found a shadowy altar of Dithmenos.
 17252 | Lair:8   | Reached XP level 15. HP: 143/152 MP: 19/19
 17667 | Lair:4   | Killed Rupert
 18535 | D:13     | Found Xiboi's Armour Emporium.
 18629 | D:13     | Noticed Snorg
 18658 | D:13     | Killed Snorg
 18715 | D:13     | Reached skill level 1 in Evocations
 18947 | D:13     | Reached skill level 17 in Unarmed Combat
 19259 | D:13     | Found Taismewi's Assorted Antiques.
 19267 | D:13     | Bought a runed hat for 112 gold pieces
 19380 | D:13     | Got a fine bronze ring
 19382 | D:13     | Identified the ring of Qised {rElec rF++ MR+ Str-5 Stlth+} (You found it on level 13 of the Dungeon)
 19646 | Orc:1    | Entered Level 1 of the Orcish Mines
 20108 | Orc:2    | Entered Level 2 of the Orcish Mines
 20338 | D:13     | Bought the +16 shadow dragon armour of Afaymn {rElec Str+3 Dex-4 Stlth++++} for 1731 gold pieces
 20713 | Orc:2    | Noticed an orc warlord
 20718 | Orc:2    | Killed an orc warlord
 20718 | Orc:2    | Reached skill level 5 in Armour
 20718 | Orc:2    | Reached XP level 16. HP: 149/165 MP: 20/20
 20890 | Orc:2    | Found a staircase to the Elven Halls.
 20908 | Orc:2    | Found a roughly hewn altar of Beogh.
 21024 | Orc:2    | Found Nurph's Jewellery Shoppe.
 21081 | Orc:2    | Bought a +2 ring of evasion for 150 gold pieces
 21239 | Orc:2    | Found Guisuhio's General Store.
 21254 | Orc:2    | Found Wupel's Antique Armour Shoppe.
 21269 | Orc:2    | Found Zoitz's Antique Weapon Shoppe.
 21628 | D:14     | Noticed MagicLamp's ghost (journeyman DDFi)
 21631 | D:14     | Noticed Azrael
 21633 | D:14     | Noticed Chiseanne's ghost (journeyman DsWz)
 21635 | D:14     | Found a gate to the Vaults.
 21636 | D:14     | Noticed Donald
 21653 | D:14     | Killed Azrael
 21719 | D:14     | Killed MagicLamp's ghost
 21765 | D:14     | Killed Chiseanne's ghost
 21833 | D:14     | Reached skill level 5 in Dodging
 21976 | D:14     | Killed Donald
 22439 | D:15     | Entered Level 15 of the Dungeon
 22538 | D:15     | Found an iron altar of Okawaru.
 22538 | D:15     | Found a sparkling altar of Nemelex Xobeh.
 22849 | D:15     | Reached skill level 1 in Stealth
 22999 | D:15     | Found a radiant altar of Vehumet.
 23114 | D:15     | Noticed Roxanne
 23311 | D:15     | Found a staircase to the Depths.
 23525 | Snake:1  | Entered Level 1 of the Snake Pit
 23525 | Snake:1  | Noticed Aizul
 23561 | Snake:1  | Killed Aizul
 23561 | Snake:1  | Reached XP level 17. HP: 57/172 MP: 21/21
 24033 | Snake:1  | Found Foppiev's Antique Weapon Shop.
 24211 | Snake:1  | Noticed Asterion
 24219 | Snake:1  | Killed Asterion
 25087 | Snake:2  | Noticed Jorgrun
 25099 | Snake:2  | Killed Jorgrun
 25408 | Snake:2  | Noticed Vashnia
 25566 | Snake:2  | Identified the Disquisition on Damaging Protection
 25579 | Snake:2  | Found Mos Unk's Distillery.
 25749 | Snake:2  | Killed Vashnia
 26067 | Snake:3  | Reached skill level 18 in Unarmed Combat
 26679 | Snake:3  | Noticed Norris
 26690 | Snake:3  | Found Liuddeyr's Armour Boutique.
 26798 | Snake:4  | Entered Level 4 of the Snake Pit
 26845 | Snake:4  | Reached XP level 18. HP: 100/183 MP: 19/23
 27060 | Snake:4  | Reached skill level 10 in Armour
 27695 | Snake:3  | Killed Norris
 29150 | Snake:4  | Reached skill level 10 in Dodging
 29369 | Snake:4  | Reached skill level 10 in Shields
 29379 | Snake:4  | Got a serpentine rune of Zot
 29796 | Swamp:1  | Entered Level 1 of the Swamp
 29911 | Swamp:1  | Reached XP level 19. HP: 185/191 MP: 24/24
 30137 | Swamp:1  | Paralysed by a hornet for 3 turns
 31881 | Swamp:3  | Reached skill level 10 in Invocations
 32248 | Swamp:4  | Entered Level 4 of the Swamp
 33185 | Swamp:4  | Got a bound platinum ring
 33236 | Swamp:4  | Got a decaying rune of Zot
 33835 | Lair:1   | Learned a level 1 spell: Summon Butterflies
 33838 | Lair:1   | Identified the ring "Lilus" {rElec rPois MR+} (You took it off a spriggan on level 4 of the Swamp)
 33887 | Vaults:1 | Entered Level 1 of the Vaults
 34074 | Vaults:1 | Reached skill level 19 in Unarmed Combat
 34095 | Vaults:1 | Reached XP level 20. HP: 191/204 MP: 27/27
 34595 | Vaults:1 | Found Peavvasu's Food Boutique.
 35295 | Vaults:2 | Noticed Mennas
 35332 | Vaults:2 | Killed Mennas
 35790 | Vaults:2 | Reached skill level 10 in Throwing
 36045 | Vaults:2 | Paralysed by a great orb of eyes for 3 turns
 36088 | Vaults:2 | Reached skill level 5 in Stealth
 36527 | Vaults:3 | Found Ruecoich's Antique Weapon Shop.
 36730 | Vaults:3 | Found a staircase to the Crypt.
 36834 | Vaults:3 | Noticed Wiglaf
 36852 | Vaults:3 | Killed Wiglaf
 36852 | Vaults:3 | Reached XP level 21. HP: 215/215 MP: 28/28
 37123 | Vaults:3 | Found a portal to a secret trove of treasure.
 38425 | Vaults:4 | Reached skill level 1 in Summonings
 38435 | Vaults:4 | Reached skill level 15 in Fighting
 39447 | Vaults:5 | Entered Level 5 of the Vaults
 39468 | Vaults:5 | Reached skill level 5 in Summonings
 39470 | Vaults:5 | Reached XP level 22. HP: 99/227 MP: 24/29
 39584 | Vaults:5 | Noticed Saint Roka
 39589 | Vaults:5 | Noticed Jory
 39958 | Vaults:5 | Cast into level 4 of the Abyss (tengu reaver)
 40055 | Abyss:4  | Found a roughly hewn altar of Beogh.
 40073 | Vaults:5 | Escaped the Abyss
 40536 | Vaults:5 | Noticed a golden dragon
 40554 | Vaults:5 | Killed Jory
 40555 | Vaults:5 | Killed a golden dragon
 40647 | Vaults:5 | Killed from afar by a shadow dragon

Skill      XL: |  1  2  3  4  5  6  7  8  9 10 11 12 13 14 15 16 17 18 19 20 21 22 |
---------------+-------------------------------------------------------------------+-----
Unarmed Combat | 1 2 3 5 6 7 8 10 11 14 15 16 17 18 19 | 19.0
Fighting       | 2 3 4 5 7 8 9 10 11 12 13 14 15 | 15.0
Throwing       | 4 5 8 9 10 11 | 11.2
Dodging        | 2 3 7 8 10 | 10.5
Invocations    | 3 5 7 9 11 | 11.3
Armour         | 2 3 5 8 9 11 | 11.0
Shields        | 7 10 11 | 11.5
Translocations | 5 7 9 |  9.8
Evocations     | 3 |  3.3
Stealth        | 2 3 5 6 |  6.2
Summonings     | 5 8 |  8.2

Action                   |  1- 3 |  4- 6 |  7- 9 | 10-12 | 13-15 | 16-18 | 19-21 | 22-24 || total
-------------------------+-------+-------+-------+-------+-------+-------+-------+-------++-------
Melee: Unarmed           |   101 |    97 |   238 |   612 |  1174 |  1714 |  1971 |   377 ||  6284
       Punch             |     1 |     2 |    10 |    65 |    11 |       |       |       ||    89
Throw: Large rock        |       |       |    14 |    21 |    26 |       |    10 |    16 ||    87
       Throwing net      |       |       |     1 |     1 |     9 |       |       |       ||    11
 Cast: Portal Projectile |       |       |       |       |     2 |       |     4 |     4 ||    10
       Blink             |       |       |       |       |       |    13 |     1 |     2 ||    16
Invok: Slouch            |       |       |       |     1 |     3 |     3 |     5 |       ||    12
       Bend Time         |       |       |       |       |       |     1 |     1 |       ||     2
       Step From Time    |       |       |       |       |       |       |     1 |       ||     1
Evoke: Wand              |       |     4 |     3 |     3 |    18 |    23 |     6 |       ||    57
  Use: Scroll            |     3 |     8 |     9 |    22 |    22 |    15 |     9 |     5 ||    93
       Potion            |       |       |       |     4 |     1 |    10 |     8 |     3 ||    26
 Stab: Sleeping          |       |       |       |    16 |    15 |    14 |    27 |       ||    72
       Distracted        |       |       |       |     2 |     2 |    10 |     8 |     1 ||    23
       Invisible         |       |       |       |     2 |       |       |       |       ||     2
       Held in net/web   |       |       |       |       |     4 |       |       |       ||     4
       Confused          |       |       |       |       |     2 |       |       |       ||     2
  Eat: Chunk             |    16 |    16 |    30 |    43 |    49 |    52 |    58 |     5 ||   269
       Pizza             |       |       |     1 |       |     2 |     1 |     2 |       ||     6
       Fruit             |       |       |       |     5 |       |     3 |    12 |       ||    20
       Beef jerky        |       |       |       |       |     2 |     5 |     3 |       ||    10
       Royal jelly       |       |       |       |       |       |     1 |       |       ||     1
Armor: Robe              |    34 |    25 |    79 |       |       |       |       |       ||   138
       Troll leather arm |       |       |    24 |   229 |   272 |       |       |       ||   525
       Shadow dragon arm |       |       |       |       |    25 |   745 |   934 |   247 ||  1951
Dodge: Dodged            |    43 |    33 |   123 |   379 |   409 |   835 |  1274 |   264 ||  3360
Block: Shield            |       |       |       |       |   926 |  1407 |  1792 |   444 ||  4569
       Reflection        |       |       |       |       |       |   186 |    74 |    50 ||   310
